 Dungeon Crawl Stone Soup version bcrawl-1.39.1 (webtiles) character file.

Game seed: 12165161938397516800

339014 Grijm the Fighter (level 12, 0/159 HPs)
             Began as a Yellow Draconian Gladiator on Sept 17, 2023.
             Shot with a bolt by Sonja (2 damage)
             ... on level 5 of the Lair of Beasts.
             The game lasted 01:17:16 (14526 turns).

Grijm the Fighter (Yellow Draconian Gladiator)     Turns: 14526, Time: 01:17:18

Health: 0/159      AC: 28    Str: 20    XL:     12   Next: 17%
Magic:  11/21      EV:  1    Int: 11    God:
Gold:   936        SH:  0    Dex: 12    Spells: 20/23 levels left

rFire    . . .     GDR:     46%   - Branches (17.7)
rCold    . . .     SeeInvis .   (no shield)
rNeg     + + +     Gourm    .   (armour unavailable)
rPois    +         Faith    .   (helmet currently unavailable)
rElec    .         Spirit   .   (cloak currently unavailable)
rCorr    .         Reflect  .   (gloves currently unavailable)
MR       .....     NoTele   +   (boots currently unavailable)
Stlth    ++++......             y - amulet of regeneration
HPRegen  0.69/turn              m - ring of stealth
MPRegen  0.17/turn              j - +2 ring of protection

@: tree-form, infused (expiring), lightly drained, invisible
A: giant, (spit acid), (acid resistance), unfitting armour, AC +8
a: no special abilities


You were on level 5 of the Lair of Beasts.
You were hungry.
You were a tree.
You visited 3 branches of the dungeon, and saw 15 of its levels.
You also visited: Sewer.

You collected 936 gold pieces.

Inventory:

Hand Weapons
 a - a +4 dagger of venom
 s - a +0 shortbow
 v - a +0 long sword
 I - a +2 dagger of pain
Missiles
 c - a throwing net {=f}
 g - 1640 arrows
 n - 1440 bolts
 o - 3074 stones (quivered)
 z - 1121 sling bullets
 A - 119 poisoned needles
 D - 48 needles of confusion
Armour
 b - a +2 hat (melded)
 J - a scarf of repulsion
 L - a cursed +0 medium shield
 O - a +2 cloak (melded)
 W - a +2 pair of gloves (melded)
Magical Staves
 U - an uncursed staff of power
Jewellery
 j - a +2 ring of protection (right branch)
 m - a ring of stealth (left branch)
 y - an amulet of regeneration (around neck)
 N - an uncursed ring of positive energy
Wands
 K - a wand of iceblast (1)
 M - a wand of charming (18)
Scrolls
 k - a scroll of acquirement {unknown}
 p - 3 scrolls of fog
 w - 2 scrolls of immolation
 x - 6 scrolls of amnesia
 C - a scroll of noise {unknown}
 E - 2 scrolls of blinking
 F - 5 scrolls of remove curse
 G - 2 scrolls of teleportation
 S - 2 scrolls of revelation
 T - 2 scrolls of fear {unknown}
Potions
 f - 3 potions of ambrosia
 h - 6 potions of curing
 l - 2 potions of flight
 q - 2 potions of agility
 r - 2 potions of might
 t - 2 potions of mutation
 B - 2 potions of haste {unknown}
 P - 2 potions of brilliance {unknown}
 Q - 3 potions of lignification
 V - 2 potions of berserk rage {unknown}
Miscellaneous
 R - a fan of gales (inert)
Comestibles
 e - 18 rations {!d}


   Skills:
 - Level 10.0(9.6) Fighting
 - Level 9.2(9.6) Short Blades
 - Level 5.9(8.1) Long Blades
 - Level 2.0(1.7) Throwing
 + Level 4.5(4.2) Dodging
 - Level 4.0(3.7) Stealth
 - Level 6.0(5.7) Spellcasting
 - Level 10.0(9.6) Charms
 - Level 5.0(4.7) Evocations


You had 20 spell levels left.
You knew the following spells:

 Your Spells              Type           Power        Failure   Level  Hunger
a - Infusion              Chrm           ###.....     1%          1    None
b - Apportation           Tloc           #.....       21%         1    None
c - Summon Butterflies    Summ           #.......     21%         1    None

Your spell library contained the following spells:

 Spells                   Type           Power        Failure   Level  Hunger
 Piercing Shot            Chrm           ###.......   11%         5    ######.
 Corona                   Hex            #......      21%         1    None
 Sandblast                Erth           #.....       21%         1    None
 Slow                     Hex            #.......     21%         1    None
 Iskenderun's Battlesphe  Conj/Chrm      ##......     58%         5    ######.
 Steam Barrier            Chrm/Fire      ##........   58%         5    ######.
 Time Stop                Chrm/Tloc      N/A          100%        8    #######


Dungeon Overview and Level Annotations

Branches:
Dungeon (9/12)             Temple (1/1) D:6            Lair (5/6) D:9
  Swamp (0/3) Lair:3       Shoals (0/3) Lair:3          Elf (0/3) Lair:5
    Orc: D:8-11

Altars:
Cheibriados
Dithmenos
Elyvilon
Fedhas
Gozag
Hepliaklqana
Kikubaaqudgha
Makhleb
Nemelex Xobeh
Okawaru
Qazlal
Ru
Sif Muna
Trog
Vehumet
Yredelemnul
Zin
The Shining One
Jiyva

Annotations:
D:4 1 runed translucent door, yrara's ghost, amateur DsFi
D:6 1 runed translucent door, foxfromabyss's ghost, novice OgAc
D:9 exclusion: deep elf mage
Lair:1 3 runed translucent doors, exclusion: black mamba, zoran's ghost, novice DrBe
Lair:2 Harold
Lair:3 exclusions: hydra and 1 more exclusion
Lair:5 exclusion: hydra, Sonja


Innate Abilities, Weirdness & Mutations

((You can spit globs of acid.))
((You are resistant to acid.))
((Your golden yellow scales are hard. (AC +8)))
You cannot fit into any form of body armour.
((You are cold-blooded and may be slowed by cold attacks.))


Message History

Okay, then.
Okay, then.
Evoke which item? (* to show all) (? for menu, Esc to quit)
A fierce wind blows from the fan.
The eight-headed hydra is blown away by the wind.
Sonja unwields a +1 dagger of draining.
Sonja wields a +2 hand crossbow of venom.
It begins to drip with poison!
Sonja shoots a bolt.
The bolt barely misses you.
Okay, then.
Okay, then.
Evoke which item? (* to show all) (? for menu, Esc to quit)
Okay, then.
Okay, then.
Okay, then.
Unknown command.
Press: ? - help, v - describe, . - travel
Here: an eight-headed hydra (severely wounded)
You fade into invisibility!
Your magical infusion is running out.
Sonja shoots a bolt.
The bolt hits you.
You die...

.##...P####### #...#...##.....#
####..###.##.####.#.#..##.<..P#
###.#.......#.###K#.P..###..###
#.###.#.#..............# ##.#
.#.....................####†##
........##.##..#.......#.##..#
#.#......#######[.P.....##..##
#......### ##.........##..##
.#..##..# #P.♣##..#P.###..#
.#.....## #.P#†#...#.#P...#
.#...#..######..#.D..P#......#
........##PPP#..##...##P.....#
....P#.##PPPPP.###.......#.###
...§.......P.P.#.....##..###
...##..#.#.P.P##PP#..#..##
###########......P...#..#
#.#......#.....#


You could see an eight-headed hydra and Sonja.

Vanquished Creatures
  2 hydras
  Nergalle (Lair:2)
  A centaur warrior (D:8)
  A manticore (Lair:3)
  2 black mambas
  6 cane toads
  2 rime drakes (Lair:4)
  6 komodo dragons
  3 polar bears (Lair:5)
  6 hippogriffs
  12 yaks
  A vampire (D:6)
  3 basilisks
  A hungry ghost (D:6)
  7 crocodiles
  3 water moccasins
  6 porcupines
  2 phantoms
  A black bear (Lair:5)
  5 necrophages (Lair:3)
  6 ogres
  4 wolves (Lair:4)
  2 kobold brigands
  10 bullfrogs
  3 centaurs
  2 water moccasin zombies
  2 scorpions (D:4)
  2 howler monkeys
  An electric eel (Lair:2)
  2 orc priests
  4 crimson imps
  2 quasits
  A jelly (D:6)
  5 hounds
  7 orc wizards
  2 bullfrog skeletons
  A gnoll shaman (D:6)
  Jessica (D:3)
  3 iguanas
  9 worker ants
  A hound zombie (D:6)
  2 hound skeletons (D:5)
  A howler monkey zombie (D:5)
  3 gnolls (D:7)
  12 adders
  3 shadow imps
  An ooze (D:6)
  3 adder skeletons
  2 worms (D:2)
  2 dart slugs
  6 leopard geckos
  21 orcs
  3 ball pythons
  11 giant cockroaches
  8 goblins
  8 hobgoblins
  7 jackals
  5 quokkas
  3 bats
  13 frilled lizards
  A jackal zombie (D:7)
  25 kobolds
  5 rats
  A bush (D:6)
  2 plants
289 creatures vanquished.

Vanquished Creatures (collateral kills)
  A centaur (D:8)
1 creature vanquished.

Vanquished Creatures (others)
  10 fungi
  5 plants
15 creatures vanquished.

Grand Total: 305 creatures vanquished

Notes
Turn   | Place    | Note
-------+----------+-------------------------------------------
     0 | D:1      | Grijm the Draconian Gladiator began the quest for the Orb.
     0 | D:1      | Reached XP level 1. HP: 19/19 MP: 1/1
   154 | D:1      | Reached skill level 1 in Stealth
   235 | D:1      | Reached XP level 2. HP: 26/26 MP: 2/2
  1146 | D:2      | Reached XP level 3. HP: 32/33 MP: 3/3
  1673 | D:3      | Reached XP level 4. HP: 39/40 MP: 4/4
  1763 | D:3      | Noticed Jessica
  1840 | D:3      | Reached XP level 5. HP: 30/46 MP: 5/5
  1844 | D:3      | Reached skill level 5 in Long Blades
  2000 | D:3      | Noticed an ogre
  2509 | D:3      | Killed Jessica
  2830 | D:4      | Reached skill level 1 in Short Blades
  2830 | D:4      | Reached XP level 6. HP: 47/52 MP: 6/6
  3240 | D:4      | Found a runed translucent door.
  3240 | D:4      | Noticed yrara's ghost (amateur DsFi)
  3370 | D:5      | Entered Level 5 of the Dungeon
  3495 | D:5      | Your scales start taking on a golden yellow colour.
  3495 | D:5      | Reached XP level 7. HP: 57/59 MP: 7/7
  3531 | D:5      | Found a glowing drain.
  3571 | Sewer    | Entered a sewer
  3850 | Sewer    | Reached skill level 5 in Short Blades
  4818 | D:6      | Found a stormy altar of Qazlal.
  4902 | D:6      | Reached XP level 8. HP: 66/66 MP: 8/8
  5194 | D:6      | Found a runed translucent door.
  5194 | D:6      | Noticed foxfromabyss's ghost (novice OgAc)
  5476 | D:6      | Found a staircase to the Ecumenical Temple.
  5553 | Temple   | Entered the Ecumenical Temple
  5988 | D:6      | Reached skill level 5 in Fighting
  5988 | D:6      | Reached XP level 9. HP: 55/74 MP: 9/9
  6429 | D:6      | Reached skill level 1 in Evocations
  7432 | D:8      | Noticed a troll
  8171 | D:8      | Noticed a centaur warrior
  8208 | D:8      | Killed a centaur warrior
  8228 | D:8      | Reached XP level 10. HP: 59/88 MP: 13/13
  8422 | D:8      | Noticed a white ugly thing
  8855 | D:9      | Noticed a deep elf mage
  9057 | D:9      | Learned a level 1 spell: Infusion
  9097 | D:9      | Found a staircase to the Lair.
  9139 | D:9      | Reached skill level 5 in Evocations
  9225 | Lair:1   | Entered Level 1 of the Lair of Beasts
  9297 | Lair:1   | Found a runed translucent gate.
  9297 | Lair:1   | Found a runed translucent gate.
  9297 | Lair:1   | Found a runed translucent gate.
  9320 | Lair:1   | Noticed zoran's ghost (novice DrBe)
  9324 | Lair:1   | Found a viscous altar of Jiyva.
  9376 | Lair:1   | Reached skill level 1 in Spellcasting
  9376 | Lair:1   | Reached skill level 1 in Charms
  9887 | Lair:1   | Noticed a black mamba
  9971 | Lair:1   | Noticed a cane toad
  9976 | Lair:1   | Learned a level 1 spell: Apportation
 10038 | Lair:2   | Noticed a cane toad
 10336 | Lair:2   | Noticed a six-headed hydra
 10345 | Lair:2   | Killed a six-headed hydra
 10681 | Lair:2   | Learned a level 1 spell: Summon Butterflies
 10725 | Lair:2   | Reached skill level 10 in Fighting
 10822 | Lair:2   | Reached XP level 11. HP: 99/99 MP: 17/17
 10832 | Lair:2   | Noticed Harold
 10936 | Lair:2   | Found a hazy altar of Hepliaklqana.
 10998 | Lair:2   | Noticed Nergalle
 11004 | Lair:2   | Noticed a four-headed hydra
 11058 | Lair:2   | Killed Nergalle
 11164 | Lair:3   | Found a staircase to the Shoals.
 11185 | Lair:3   | Reached skill level 5 in Spellcasting
 11185 | Lair:3   | Reached skill level 5 in Charms
 11779 | Lair:3   | Noticed a six-headed hydra
 11908 | Lair:3   | Found a staircase to the Swamp.
 13389 | Lair:5   | Noticed a six-headed hydra
 13964 | Lair:5   | Reached XP level 12. HP: 106/106 MP: 21/21
 14031 | Lair:5   | Found a staircase to the Elven Halls.
 14456 | Lair:5   | Noticed Sonja
 14469 | Lair:5   | Noticed an eight-headed hydra
 14515 | Lair:5   | Killed a six-headed hydra
 14516 | Lair:5   | Reached skill level 10 in Charms
 14522 | Lair:5   | HP: 7/159 [eight-headed hydra (1)]
 14524 | Lair:5   | HP: 1/159 [eight-headed hydra (7)]
 14526 | Lair:5   | Shot with a bolt by Sonja

Skill      XL: |  1  2  3  4  5  6  7  8  9 10 11 12 |
---------------+-------------------------------------+-----
Stealth        | 1 3 4 |  4.0
Fighting       | 4 5 8 10 | 10.0
Long Blades    | 4 5 |  5.9
Dodging        | 3 4 |  4.5
Throwing       | 2 |  2.0
Short Blades   | 1 4 7 9 |  9.2
Evocations     | 4 5 |  5.0
Spellcasting   | 4 6 |  6.0
Charms         | 4 9 10 | 10.0

Action                   |  1- 3 |  4- 6 |  7- 9 | 10-12 || total
-------------------------+-------+-------+-------+-------++-------
Melee: Long sword        |   142 |    61 |    18 |       ||   221
       Tailslap          |    17 |    21 |    88 |    93 ||   219
       Dagger            |       |    73 |   595 |   478 ||  1146
       Unarmed           |       |       |       |    11 ||    11
 Fire: Shortbow          |       |       |    65 |    71 ||   136
Throw: Stone             |     2 |    20 |    64 |    44 ||   130
       Tomahawk          |       |       |    27 |    19 ||    46
       Throwing net      |       |       |       |     5 ||     5
 Cast: Infusion          |       |       |       |    42 ||    42
       Apportation       |       |       |       |     3 ||     3
 Abil: Breathe Acid      |       |       |    14 |    24 ||    38
Evoke: Wand              |       |       |     1 |    14 ||    15
       Fan of gales      |       |       |       |     2 ||     2
  Use: Scroll            |     8 |       |     5 |    14 ||    27
       Potion            |       |       |     1 |     4 ||     5
 Stab: Sleeping          |     6 |     4 |     8 |     9 ||    27
       Distracted        |       |     1 |       |       ||     1
       Held in net/web   |       |       |       |     2 ||     2
  Eat: Chunk             |     6 |     9 |    25 |    25 ||    65
       Ration            |       |       |     2 |     3 ||     5
Armor: Skin              |    44 |    29 |   123 |   164 ||   360
Dodge: Dodged            |    85 |    65 |   216 |   175 ||   541
Block: Other             |       |     1 |     2 |       ||     3
